 Dungeon Crawl Stone Soup version 0.19.1-1-g22dce08 (webtiles) character file.

56 Gorglomux the Shooter (level 3, -6/29 HPs)
             Began as a Centaur Hunter on Jan 2, 2017.
             Killed from afar by a white imp (9 damage)
             ... with a puff of frost
             ... summoned by Natasha
             ... on level 2 of the Dungeon.
             The game lasted 00:04:35 (2364 turns).

Gorglomux the Shooter (Centaur Hunter)              Turns: 2364, Time: 00:04:36

Health: -6/29      AC:  4    Str: 14    XL:     3   Next: 71%
Magic:  3/3        EV:  9    Int: 10    God:
Gold:   50         SH:  0    Dex: 10    Spells: 0 memorised, 2 levels left

rFire  . . .     SeeInvis .     b - +0 short sword
rCold  . . .     Gourm    .     c - +0 leather armour
rNeg   . . .     Faith    .     (no shield)
rPois  .         Spirit   .     (no helmet)
rElec  .         Reflect  .     (no cloak)
rCorr  .         Harm     .     (no gloves)
MR     .....                    (no barding)
Stlth  +.........               (no amulet)
                                (no ring)
                                (no ring)

@: very quick
A: hooves 3, deformed body, speed 2, tough skin 3
a: no special abilities


You were on level 2 of the Dungeon.
You were not hungry.

You visited 1 branch of the dungeon, and saw 2 of its levels.

You collected 50 gold pieces.

Inventory:

Hand Weapons
 a - a +1 shortbow
 b - a +0 short sword (weapon)
Missiles
 d - 19 arrows
 t - 37 poisoned needles
Armour
 c - a +0 leather armour (worn)
 h - +0 ice dragon scales
Wands
 v - a wand of polymorph (10/24)
Scrolls
 i - 4 scrolls of enchant armour {unknown}
 m - a scroll of enchant weapon {unknown}
 o - a scroll of teleportation {unknown}
 p - a scroll of fear {unknown}
 q - a scroll of blinking {unknown}
 r - 3 scrolls of identify {unknown}
 u - a scroll of immolation {unknown}
Potions
 e - a potion of mutation {unknown}
 g - 2 potions of berserk rage {unknown}
 j - a potion of lignification {unknown}
 k - 2 potions of heal wounds {unknown}
 n - a potion of cure mutation {unknown}
 s - a potion of curing {unknown}
Comestibles
 f - 2 bread rations
 l - a meat ration


   Skills:
 - Level 2.0 Fighting
 + Level 7.2 Bows
 - Level 1.3 Dodging
 - Level 0.4 Stealth


You had 2 spell levels left.
You didn't know any spells.

Dungeon Overview and Level Annotations

Branches:
Dungeon (2/15)

Altars:

Annotations:
D:2 Natasha


Innate Abilities, Weirdness & Mutations

You have hooves in place of feet.
Armour fits poorly on your strangely shaped body.
You cover ground very quickly.
You have extremely tough skin. (AC +3)


Message History

A rat comes into view.
You barely miss Natasha. You kick Natasha.
Natasha is lightly wounded.
Natasha claws you.
You hit Natasha.
Natasha is moderately wounded.
Natasha claws you! Natasha claws you.
You barely miss Natasha. Your kick misses Natasha.
Natasha is moderately wounded.
Natasha closely misses you. The rat bites you. Natasha casts a spell at you.
The magic dart hits you!
Natasha casts a spell.
The white imp gestures at you. The puff of frost hits you!
* * * LOW HITPOINT WARNING * * *
The white imp gestures at you. The puff of frost hits you!
You die...

..##......#.......#...#
..##......#.......#...#####.
..###'#####.......#.h5......
..# #.# ##.##+###r.#######
..# #.# #.##...........# ..#
#.# #.#####....###.# ..#
#.######.#####......... ..#
#......#.......######## ..#
######.#.#..@........ ..#
######.#.#.########## ###
#........#.# #.####.#.#<#
#....#.#.# ##### #.####.#.#
....# #......#.# ###.#
######## #.#


You could see Natasha, a white imp and a rat.

Vanquished Creatures
  2 adders (D:2)
  2 leopard geckos (D:1)
  A giant cockroach (D:2)
  7 goblins
  5 hobgoblins
  3 jackals (D:2)
  5 bats (D:1)
  4 kobolds
  7 rats
36 creatures vanquished.

Notes
Turn   | Place    | Note
-------+----------+-------------------------------------------
     0 | D:1      | Gorglomux the Centaur Hunter began the quest for the Orb.
     0 | D:1      | Reached XP level 1. HP: 17/17 MP: 1/1
   486 | D:1      | Reached XP level 2. HP: 17/24 MP: 2/2
   636 | D:1      | Reached skill level 6 in Bows
  1326 | D:2      | Reached XP level 3. HP: 27/29 MP: 3/3
  1570 | D:2      | Reached skill level 7 in Bows
  2348 | D:2      | Noticed Natasha
  2364 | D:2      | Killed from afar by a white imp

Skill      XL: |  1  2  3 |
---------------+----------+-----
Bows           | 6 7 |  7.2
Fighting       | |  2.0
Dodging        | |  1.3
Stealth        | |  0.4

Action                   || total
-------------------------++-------
Melee: Short sword       ||   110
       Kick              ||    28
 Fire: Shortbow          ||    17
  Eat: Chunk             ||     3
Armor: Leather armour    ||    39
Dodge: Dodged            ||    54
